 Dungeon Crawl Stone Soup version 0.23.2 (webtiles) character file.

Game seed: 13131524887884112752

1809 Goblin1989 the Cudgeler (level 8, -2/93 HPs)
             Began as a Demonspawn Chaos Knight on Apr 5, 2019.
             Was a Plaything of Xom.
             Slain by a killer bee (4 damage)
             ... on level 8 of the Dungeon on Apr 11, 2019.
             The game lasted 00:11:06 (7337 turns).

Goblin1989 the Cudgeler (Demonspawn Chaos Knight)   Turns: 7337, Time: 00:11:07

Health: -2/93      AC: 24    Str: 19    XL:     8   Next: 84%
Magic:  0/8        EV:  2    Int: 17    God:    Xom [..*...]
Gold:   254        SH:  0    Dex: 16    Spells: 7/7 levels left

rFire    . . .     SeeInvis .   a - +1 mace (chaos)
rCold    . . .     Gourm    .   (no shield)
rNeg     + + +     Faith    .   (armour currently unavailable)
rPois    +         Spirit   +   (helmet currently unavailable)
rElec    .         Reflect  .   (cloak currently unavailable)
rCorr    .         Harm     .   (gloves currently unavailable)
MR       +....     Clarity  +   (boots currently unavailable) Stlth +.........NoTele +
                                (no amulet)
HPRegen  0.25/turn              (no ring)
MPRegen  0.11/turn              (no ring)

@: mighty, lethally poisoned (-2 -> -23), tree-form (expiring)
A: agile 2, clarity, clever 1, magic resistance 1, magic shield
a: Renounce Religion


You were on level 8 of the Dungeon.
You worshipped Xom.
You were a toy of Xom.
You were not hungry.
You were a tree.
You visited 1 branch of the dungeon, and saw 8 of its levels.

You collected 254 gold pieces.

Inventory:

Hand Weapons
 a - a +1 mace of chaos (weapon)
 u - a +0 flail
 w - a +0 blowgun {@w1}
Missiles
 E - 7 needles of sleeping
 Z - a throwing net (quivered) {!d , @Q1}
Armour
 b - a +2 leather armour (melded)
 h - a +0 pair of boots (melded)
 p - a +0 pair of gloves (melded)
 N - a cursed +0 pair of boots
Jewellery
 C - an uncursed ring of see invisible {unknown}
Wands
 A - a wand of paralysis (4) {@v7}
Scrolls
 m - 2 scrolls of random uselessness
 x - 3 scrolls of remove curse {@r3}
 y - 2 scrolls of fog
 M - 2 scrolls of magic mapping
 R - 6 scrolls of identify {@r1}
 T - 2 scrolls of teleportation {!r, @r2}
Potions
 g - 4 potions of curing {unknown}
 i - 5 potions of lignification
 l - a potion of invisibility {unknown}
 n - a potion of brilliance {unknown}
 z - 2 potions of might {unknown}
 G - a potion of flight {unknown}
 I - 2 potions of berserk rage {unknown}
 J - a potion of degeneration {unknown}
 L - 2 potions of mutation {unknown}
 O - a potion of ambrosia {unknown}
 Y - a potion of agility {unknown}
Comestibles
 e - 19 rations


   Skills:
 + Level 5.2 Fighting
 - Level 6.2 Maces & Flails
 + Level 4.2 Armour
 + Level 3.9 Dodging
 * Level 5.4 Unarmed Combat


You had 7 spell levels left.
You didn't know any spells.
Your spell library contained the following spells:

 Spells                   Type           Power        Failure   Level  Hunger
 Beastly Appendage        Tmut           #.....       24%         1    ##.....
 Sticks to Snakes         Tmut           #.......     34%         2    ###....
 Spider Form              Tmut/Pois      #.........   56%         3    ####...
 Ice Form                 Ice/Tmut       #.......     93%         4    #####..
 Blade Hands              Tmut           #.........   100%        5    ######.


Dungeon Overview and Level Annotations

Branches:
Dungeon (8/15)             Temple (0/1) D:4
   Lair: D:8-11

Altars:
Cheibriados
Fedhas
Gozag
Hepliaklqana
Kikubaaqudgha
Makhleb
Qazlal
Ru
Uskayaw
Xom


Innate Abilities, Weirdness & Mutations

((You have sharp fingernails.))
((You are mostly covered in slimy green scales. (AC +3)))
When hurt, damage is shared between your health and your magic reserves.
((You have a pair of small horns on your head.))
You are very agile. (Dex +4)
((You can translocate small distances at will.))
You possess an exceptional clarity of mind.
Your mind is acute. (Int +2)
You are resistant to hostile enchantments. (MR+)


Message History

It is a scroll of enchant weapon.
Your +0 mace of chaos glows red for a moment.
You feel sick.
The killer bee rages.
The killer bee stings you but does no damage. x2
The killer bee stings you. The hound bites you but does no damage.
The killer bee stings you but does no damage. x2
The killer bee stings you.
You are more poisoned.
The killer bee poisons you!
The killer bee stings you but does no damage. x3
The queen bee calls on the killer bee to defend it!
The killer bee goes berserk!
The killer bee stings you.
* * * LOW HITPOINT WARNING * * *
The hound bites you but does no damage.
The killer bee stings you but does no damage. x2
You take 10 damage, and have 41/93 hp.
As you read the scroll labeled OTEVVAE CALA, it crumbles to dust.
You experience a momentary feeling of inescapable doom!
It was a scroll of random uselessness.
You feel sick.
The killer bee stings you but does no damage. x8
The hound bites you.
* * * LOW HITPOINT WARNING * * *
The killer bee stings you.
* * * LOW HITPOINT WARNING * * *
The killer bee stings you but does no damage.
The killer bee stings you.
* * * LOW HITPOINT WARNING * * *
The killer bee stings you but does no damage. x2
You take 11 damage, and have 30/93 hp.
Unknown command.
Unknown command.
As you read the scroll labeled RAGONKIRHU, it crumbles to dust.
You feel blessed for a moment.
It was a scroll of remove curse.
You feel very sick.
The killer bee stings you but does no damage. x4
The hound bites you but does no damage.
The killer bee stings you but does no damage. x3
The killer bee rages.
The killer bee stings you.
* * * LOW HITPOINT WARNING * * *
You are lethally poisoned!
The killer bee poisons you! The killer bee stings you.
* * * LOW HITPOINT WARNING * * *
The killer bee rages.
The killer bee barely misses you.
The killer bee stings you but does no damage.
The hound bites you but does no damage.
The killer bee stings you but does no damage.
The killer bee completely misses you.
You take 5 damage, and have 25/93 hp.
Unknown command.
As you read the scroll labeled YDGHIFR OPIT, it crumbles to dust.
You cannot blink because you are held in place by your roots.
It was a scroll of blinking.
Your transformation is almost over.
* * * LOW HITPOINT WARNING * * *
You feel sick.
The killer bee stings you but does no damage. x4
The killer bee stings you.
* * * LOW HITPOINT WARNING * * *
The killer bee stings you but does no damage. x2
The hound bites you but does no damage.
The killer bee stings you but does no damage.
The killer bee stings you.
* * * LOW HITPOINT WARNING * * *
The killer bee stings you but does no damage.
The killer bee completely misses you.
The killer bee stings you but does no damage.
You take 9 damage, and have 16/93 hp.
As you read the scroll labeled ZEGRIU YCIO, it crumbles to dust.
You feel a strange sense of stasis.
It was a scroll of teleportation.
T - 2 scrolls of teleportation
* * * LOW HITPOINT WARNING * * *
You feel very sick.
The killer bee stings you but does no damage. x3
The killer bee stings you.
* * * LOW HITPOINT WARNING * * *
The hound bites you but does no damage.
The killer bee stings you but does no damage. x2
The killer bee stings you.
* * * LOW HITPOINT WARNING * * *
The killer bee stings you.
* * * LOW HITPOINT WARNING * * *
The killer bee stings you but does no damage.
The hound bites you but does no damage.
The killer bee stings you but does no damage. x2
You take 10 damage, and have 6/93 hp.
Unknown command.
Unknown command.
You miss the killer bee.
* * * LOW HITPOINT WARNING * * *
You feel very sick.
The killer bee stings you but does no damage.
The killer bee stings you.
* * * LOW HITPOINT WARNING * * *
The killer bee stings you but does no damage. x3
The killer bee stings you.
You die...
Xom cackles wildly!

···......)....<█.......█
▓▓▓█...................█
▓▓·.......███.⌂........█
···█....⌂█▓ █..........█
▓▓▓█.....▓ ██.........█
█████▓▓ █.....█████
███.yyy...^.█
▓▓▓▓▓████..hyyyh....█
▓▓▓▓····.....█h█♣hy....█
·····▓▓▓██.....yyy.█████
▓▓▓▓▓▓ █.....<...█
█.........█ █.........█
█.........█ █.........█
█.........█


███████████ You could see a queen bee (inner flame), a howler monkey (inner
flame), 2 hounds and 9 killer bees.

Vanquished Creatures
  A hippogriff (D:7)
  A water moccasin (D:6)
  A necrophage (D:5)
  A phantom (D:5)
  An ice beast (D:7)
  An ogre (D:6)
  3 centaurs
  A big kobold (D:6)
  A bullfrog (D:7)
  A water moccasin skeleton (D:6)
  A scorpion (D:6)
  A crimson imp (D:7)
  2 hounds
  A quasit (D:7)
  2 orc priests
  2 jellies (D:6)
  2 centaur skeletons
  2 orc wizards (D:6)
  Natasha (D:2)
  6 worker ants
  A hound skeleton (D:4)
  3 adders
  3 gnolls (D:7)
  A shadow imp (D:6)
  An ooze (D:2)
  4 adder skeletons
  An adder zombie (D:5)
  A worm (D:3)
  2 dart slugs (D:1)
  3 leopard geckos
  11 orcs
  A ball python (D:6)
  3 giant cockroaches
  5 goblins
  5 hobgoblins
  10 jackals
  11 kobolds
  3 quokkas
  4 bats
  6 frilled lizards
  4 rats
115 creatures vanquished.

Vanquished Creatures (others)
  A worker ant (D:4)
1 creature vanquished.

Grand Total: 116 creatures vanquished

Notes
Turn   | Place    | Note
-------+----------+-------------------------------------------
     0 | D:1      | Goblin1989 the Demonspawn Chaos Knight began the quest for
                  | the Orb.
     0 | D:1      | Reached XP level 1. HP: 18/18 MP: 1/1
   105 | D:1      | Reached skill level 3 in Maces & Flails
   121 | D:1      | Gained mutation: When hurt, damage is shared between your
                  | health and your magic reserves. [demonic ancestry]
   121 | D:1      | Reached XP level 2. HP: 19/24 MP: 2/2
   208 | D:1      | XOM: mild Hex miscast
   268 | D:1      | XOM: smoke on damage
   391 | D:1      | XOM: harmless Hex miscast
   538 | D:1      | XOM: noise
   778 | D:1      | XOM: divination: magic mapping
   911 | D:1      | XOM: mild Tloc miscast
  1092 | D:2      | Reached XP level 3. HP: 25/29 MP: 3/3
  1199 | D:2      | XOM: noise
  1214 | D:2      | Reached skill level 4 in Maces & Flails
  1403 | D:2      | XOM: harmless Chrm miscast
  1462 | D:2      | XOM: divination: detect creatures
  1581 | D:2      | Noticed Natasha
  1592 | D:2      | XOM: confuse monster(s)
  1597 | D:2      | Killed Natasha
  1597 | D:2      | Gained mutation: You are partially covered in slimy green
                  | scales. (AC +2) [demonic ancestry]
  1597 | D:2      | Reached XP level 4. HP: 17/35 MP: 1/4
  1615 | D:2      | XOM: give mutations
  1615 | D:2      | Gained mutation: You have a pair of small horns on your
                  | head. [Xom's grace]
  1615 | D:2      | Gained mutation: You are agile. (Dex +2) [Xom's grace]
  1615 | D:2      | Gained mutation: You can translocate small distances at
                  | will. [Xom's grace]
  1892 | D:2      | XOM: summons 1 hostile demon
  2295 | D:2      | XOM: god gift: glowing whip {god gift}
  2300 | D:2      | Reached skill level 5 in Maces & Flails
  2421 | D:2      | Reached XP level 5. HP: 41/41 MP: 3/5
  2571 | D:3      | XOM: give mutations
  2571 | D:3      | Gained mutation: You are resistant to hostile enchantments.
                  | (MR+) [Xom's grace]
  2571 | D:3      | Gained mutation: You possess an exceptional clarity of
                  | mind. [Xom's grace]
  2863 | D:3      | XOM: fake destruction
  3116 | D:4      | Found a staircase to the Ecumenical Temple.
  3116 | D:4      | XOM: 6-stop teleportation journey
  3271 | D:4      | XOM: god gift: helmet {god gift}
  3559 | D:4      | XOM: divine lightning
  3715 | D:4      | XOM: god gift: 6 rations {god gift}
  3748 | D:4      | Reached skill level 6 in Maces & Flails
  4003 | D:4      | XOM: give mutations
  4003 | D:4      | Gained mutation: You are very agile. (Dex +4) [Xom's grace]
  4003 | D:4      | Gained mutation: Your mind is acute. (Int +2) [Xom's grace]
  4024 | D:5      | Entered Level 5 of the Dungeon
  4032 | D:5      | Gained mutation: You have sharp fingernails. [demonic
                  | ancestry]
  4032 | D:5      | Reached XP level 6. HP: 31/47 MP: 4/6
  4197 | D:5      | Reached skill level 1 in Dodging
  4389 | D:5      | Reached skill level 1 in Unarmed Combat
  4557 | D:5      | XOM: scenery: create altars
  4570 | D:5      | Gained mutation: You are mostly covered in slimy green
                  | scales. (AC +3) [demonic ancestry]
  4570 | D:5      | Reached XP level 7. HP: 30/51 MP: 4/7
  4779 | D:5      | Found a sacrificial altar of Ru.
  4958 | D:5      | XOM: silly message
  4974 | D:5      | XOM: divination: detect items
  5184 | D:5      | Found a stormy altar of Qazlal.
  5257 | D:6      | XOM: potion effect (agility)
  5346 | D:6      | XOM: divination: detect creatures
  5528 | D:6      | XOM: divination: magic mapping
  5771 | D:6      | XOM: potion effect (curing)
  5971 | D:6      | Reached XP level 8. HP: 59/61 MP: 6/8
  6231 | D:6      | XOM: scenery: create altars
  6286 | D:6      | XOM: god gift: ration {god gift}
  6459 | D:7      | Found a hide-covered altar of Uskayaw.
  6459 | D:7      | Found a shimmering altar of Xom.
  6459 | D:7      | Found a hazy altar of Hepliaklqana.
  6459 | D:7      | Found an ancient bone altar of Kikubaaqudgha.
  6459 | D:7      | Found a blossoming altar of Fedhas.
  6459 | D:7      | XOM: 4-stop teleportation journey
  6581 | D:7      | Noticed a hippogriff
  6585 | D:7      | XOM: divination: detect items
  6591 | D:7      | Killed a hippogriff
  6800 | D:7      | Found a sacrificial altar of Ru.
  6906 | D:7      | XOM: confuse monster(s)
  6922 | D:7      | Reached skill level 5 in Fighting
  6922 | D:7      | Reached skill level 5 in Unarmed Combat
  7098 | D:7      | Found an opulent altar of Gozag.
  7115 | D:7      | Found a burning altar of Makhleb.
  7115 | D:7      | Found a snail-covered altar of Cheibriados.
  7180 | D:7      | XOM: cloud trail
  7286 | D:8      | XOM: scenery: create altars
  7293 | D:8      | XOM: enchant monster (good)
  7294 | D:8      | XOM: enchant monster (good)
  7322 | D:8      | XOM: potion effect (might)
  7324 | D:8      | HP: 1/93 [killer bee (5)]
  7326 | D:8      | Noticed a queen bee
  7337 | D:8      | HP: 3/93 [poisoned by a killer bee]
  7337 | D:8      | Slain by a killer bee

Skill      XL: |  1  2  3  4  5  6  7  8 |
---------------+-------------------------+-----
Maces & Flails | 3 4 5 6 |  6.2
Dodging        | 1 2 3 |  3.9
Armour         | 2 3 4 |  4.2
Unarmed Combat | 2 3 5 |  5.4
Fighting       | 4 5 |  5.2

Action                   |  1- 3 |  4- 6 |  7- 9 || total
-------------------------+-------+-------+-------++-------
Melee: Mace              |   109 |   136 |   199 ||   444
       Headbutt          |       |    30 |    44 ||    74
       Punch             |       |       |     4 ||     4
Evoke: Wand              |       |       |     2 ||     2
  Use: Scroll            |       |       |     8 ||     8
       Potion            |       |       |     5 ||     5
 Stab: Sleeping          |     1 |     1 |     1 ||     3
       Paralysed         |     1 |     2 |     2 ||     5
       Petrified         |       |     2 |       ||     2
       Distracted        |       |     1 |       ||     1
       Confused          |       |       |     3 ||     3
  Eat: Chunk             |     2 |     9 |     6 ||    17
       Ration            |       |       |     1 ||     1
Armor: Leather armour    |    39 |    60 |   113 ||   212
       Skin              |       |       |   129 ||   129
Dodge: Dodged            |    75 |    82 |   214 ||   371

Levels and vault maps discovered:
D:1:      wander_arrival_chamber, layout_loops_ring, minmay_pentomino_p2
D:2:      layout_loops_ring, first_ration, kennysheep_generic_room_14,
          uniq_natasha
D:3:      layout_loops_cross, serial_glass, glass_columns_c, glass_columns_c,
          glass_columns_a, glass_columns_c, glass_columns_b, glass_columns_a,
          minmay_strange_pillars
D:4:      layout_loops_ring, minmay_temple_entry_offerings
D:5:      cheibrodos_iron_armory, layout_loops_ring,
          nicolae_qazlal_eye_of_the_storm, nicolae_ru_the_path_less_chosen
D:6:      layout_loops_cross, hangedman_decor_opposing
D:7:      layout_cave_pools, grunt_temple_overflow_growth_and_decay,
          nicolae_overflow_hidden_temple, chequers_temple_overflow_minitemple,
          kennysheep_little_box
D:8:      layout_rooms, david_nohive_1, kennysheep_kite_vault
